Map: Newkirk Precinct TE (Void)

Players

IlIllIllIlIl - Winner!

  • Race: Protoss Protoss
  • League: Master
  • Spawn Location: 5:00

A.I. 1 (Elite)

  • Race: Zerg Zerg
  • Spawn Location: 7:00

VOD

Have the link to the VOD?

Description

tyvm lhk!

Time

  • Played on: April 13, 2017, 2:20 a.m.
  • Length: 8:53
Show
View Real Time Build Order
Export as new Build Order

IlIllIllIlIl Protoss - Winner!

Build Orders: 1 Gate Expand 

Get SALT Encoding   

  12  0:00  Probe (Chrono Boost)  
  13  0:11  Probe (Chrono Boost)  
  14  0:19  Pylon  
  14  0:22  Probe (Chrono Boost)  
  15  0:37  Probe (Chrono Boost)  
  15  0:38  Gateway  
  16  0:47  Probe (Chrono Boost)  
  16  0:49  Assimilator  
  17  0:58  Probe (Chrono Boost)  
  18  1:09  Probe (Chrono Boost)  
  19  1:22  Nexus  
  20  1:25  Probe (Chrono Boost)  
  20  1:35  Cybernetics Core  
  20  1:38  Probe (Chrono Boost)  
  21  1:45  Assimilator  
  21  1:49  Probe (Chrono Boost)  
  21  1:53  Pylon  
  22  1:59  Probe (Chrono Boost)  
  23  2:04  Warp Gate  
  23  2:11  Adept, Probe (Chrono Boost)  
  26  2:22  Probe (Chrono Boost)  
  27  2:25  Twilight Council  
  27  2:33  Probe (Chrono Boost)  
  27  2:34  Probe (Chrono Boost)  
  29  2:38  Adept  
  29  2:43  Probe (Chrono Boost)  
  32  2:45  Probe (Chrono Boost)  
  33  2:54  Probe (Chrono Boost), Resonating Glaives  
  33  2:57  Probe (Chrono Boost)  
  36  3:05  Adept  
  36  3:06  Probe (Chrono Boost)  
  36  3:10  Probe (Chrono Boost)  
  39  3:18  Probe (Chrono Boost)  
  40  3:20  Gateway  
  40  3:21  Gateway  
  40  3:22  Probe (Chrono Boost)  
  41  3:29  Pylon  
  41  3:31  Probe (Chrono Boost)  
  43  3:34  Probe (Chrono Boost)  
  44  3:42  Probe (Chrono Boost)  
  44  3:43  Robotics Facility  
  44  3:45  Probe (Chrono Boost), Assimilator  
  45  3:53  Probe (Chrono Boost)  
  46  3:56  Probe (Chrono Boost), Pylon  
  47  4:03  Pylon  
  47  4:04  Probe (Chrono Boost)  
  47  4:07  Probe (Chrono Boost)  
  49  4:15  Adept  
  49  4:16  Adept x2  
  55  4:19  Probe (Chrono Boost)  
  55  4:20  Probe (Chrono Boost)  
  57  4:25  Immortal  
  57  4:29  Probe (Chrono Boost)  
  57  4:30  Pylon  
  62  4:36  Probe (Chrono Boost)  
  63  4:40  Sentry x2  
  63  4:41  Sentry  
  63  4:45  Pylon  
  69  4:47  Pylon  
  69  4:48  Probe (Chrono Boost)  
  69  4:50  Probe (Chrono Boost)  
  71  5:00  Immortal  
  71  5:06  Gateway x2  
  75  5:09  Gateway  
  75  5:11  Probe (Chrono Boost), Gateway  
  75  5:13  Probe (Chrono Boost)  
  77  5:19  Sentry x2  
  77  5:20  Sentry  
  83  5:25  Probe (Chrono Boost)  
  83  5:27  Probe (Chrono Boost)  
  85  5:34  Nexus  
  85  5:36  Probe (Chrono Boost), Pylon  
  85  5:37  Immortal  
  90  5:48  Pylon  
  90  6:01  Adept  
  90  6:02  Adept x3  
  90  6:03  Adept  
  100  6:05  Adept  
  100  6:10  Pylon  
  102  6:11  Warp Prism  
  102  6:14  Sentry  
  106  6:19  Pylon  
  106  6:26  Probe (Chrono Boost)  
  106  6:28  Probe (Chrono Boost)  
  106  6:32  Adept  
  110  6:33  Adept x3  
  110  6:34  Adept  
  118  6:44  Pylon  
  118  6:46  Forge  
  118  7:06  Probe (Chrono Boost)  
  118  7:08  Probe (Chrono Boost)  
  120  7:16  Adept x6  
  120  7:17  Adept  
  128  7:40  Adept  
  128  7:41  Adept x5  
  132  7:50  Probe (Chrono Boost)  
  134  7:51  Probe (Chrono Boost)  
  134  7:57  Probe (Chrono Boost)  
  135  8:00  Probe (Chrono Boost)  
  135  8:01  Adept  
  136  8:06  Zealot x4  
  136  8:07  Zealot x2  
  136  8:11  Probe (Chrono Boost), Assimilator  
  149  8:13  Robotics Facility, Assimilator  
  149  8:15  Pylon  
  149  8:26  Gateway  
  149  8:29  Gateway  
  149  8:30  Pylon  
  149  8:31  Gateway  
  149  8:33  Probe (Chrono Boost)  
  150  8:37  Stalker x3  
  154  8:51  Stalker x4  
Show
View Real Time Build Order
Export as new Build Order

A.I. 1 (Elite) Zerg 

Build Orders: Pool First 

Get SALT Encoding   

  12  0:00  Drone  
  13  0:13  Overlord  
  13  0:18  Drone  
  14  0:31  Drone x2  
  16  0:42  Spawning Pool  
  16  0:45  Drone  
  16  0:49  Drone  
  17  1:13  Hatchery  
  17  1:14  Drone  
  17  1:17  Extractor  
  16  1:21  Drone  
  16  1:23  Drone  
  18  1:28  Drone  
  19  1:38  Overlord  
  19  1:49  Drone  
  19  1:51  Queen  
  22  2:00  Zergling x2  
  23  2:11  Drone  
  24  2:21  Drone  
  25  2:27  Queen, Roach Warren  
  26  2:32  Drone  
  27  2:39  Extractor  
  27  2:40  Drone  
  27  2:46  Overlord  
  27  2:49  Drone  
  28  2:53  Drone  
  28  2:56  Drone  
  30  2:59  Drone  
  30  3:02  Drone  
  32  3:05  Zergling x2  
  32  3:09  Zergling x2  
  33  3:13  Zergling x2  
  33  3:18  Roach  
  36  3:21  Roach  
  36  3:25  Roach  
  40  3:29  Roach  
  40  3:32  Drone  
  43  3:39  Overlord  
  43  3:47  Lair  
  43  3:57  Drone x2  
  43  3:58  Drone x2  
  43  4:02  Overlord  
  47  4:05  Drone  
  47  4:08  Drone  
  49  4:10  Drone  
  49  4:13  Drone  
  51  4:20  Zergling x2, Drone x2  
  51  4:22  Zergling x2  
  51  4:24  Zergling x2  
  56  4:28  Overlord  
  56  4:35  Roach  
  58  4:40  Overlord  
  58  4:46  Drone x2, Roach  
  58  4:48  Drone, Hydralisk Den  
  62  5:09  Overlord  
  62  5:12  Evolution Chamber  
  62  5:13  Drone  
  62  5:17  Drone, Evolution Chamber, Lurker Den  
  62  5:19  Hydralisk x4, Drone  
  62  5:21  Drone  
  72  5:23  Drone  
  72  5:25  Drone  
  72  5:28  Drone  
  75  5:31  Overlord  
  75  5:37  Hydralisk, Drone  
  75  5:38  Roach  
  75  5:39  Drone  
  75  5:41  Drone  
  82  5:48  Roach  
  82  5:49  Hydralisk, Overlord  
  86  5:57  Metabolic Boost  
  86  5:58  Zerg Melee Weapons Level 1, Zerg Missile Weapons Level 1  
  86  6:04  Extractor  
  86  6:06  Evolution Chamber  
  86  6:08  Hatchery  
  86  6:10  Drone  
  84  6:12  Drone  
  85  6:21  Hydralisk  
  85  6:25  Drone, Extractor  
  86  6:26  Overlord, Drone x3  
  86  6:31  Zerg Ground Armor Level 1  
  90  6:40  Ravager  
  90  6:43  Roach  
  93  6:48  Overlord, Drone x3  
  93  6:52  Ravager  
  97  6:54  Roach  
  97  6:56  Roach  
  97  6:59  Roach  
  105  7:01  Roach  
  105  7:03  Roach  
  105  7:06  Overlord, Roach  
  109  7:10  Hatchery  
  109  7:13  Roach  
  109  7:15  Roach  
  111  7:17  Roach  
  111  7:22  Zergling x2  
  108  7:24  Hydralisk  
  108  7:25  Overseer  
  108  7:26  Hydralisk  
  108  7:27  Zergling x2  
  92  7:30  Hydralisk  
  92  7:35  Hydralisk  
  89  7:39  Roach  
  89  7:40  Roach  
  89  7:44  Zergling x2, Drone x2  
  73  7:45  Queen  
Tags
 
Add a new tag
Caveats
  • Supply blocks, unpowered buildings, or Contaminate may cause inaccurate times.
  • Supply counts are checked every 10 seconds.